 Dungeon Crawl Stone Soup version 0.31-a0-818-ge7c7cf74f0 (webtiles) character file.

Game seed: 16187194760607401332

99827 Dittersdorf the Warrior (level 16, -2/116 HPs)
             Began as a Gargoyle Fighter on Sept 22, 2023.
             Was a High Priest of Okawaru.
             Collided with a stone wall (4 damage)
             ... caused by a deep elf knight
             ... on level 1 of the Elven Halls.
             The game lasted 00:50:08 (25265 turns).

Dittersdorf the Warrior (Gargoyle Fighter)         Turns: 25265, Time: 00:50:08

Health: -2/116     AC: 38    Str: 31    XL:     16   Next: 26%
Magic:  0/16       EV:  7    Int: 13    God:    Okawaru [*****.]
Gold:   2341       SH:  0    Dex: 16    Spells: 15/15 levels left

rFire   + + +        x - +2 whip of Misery {vamp, rF+ Str+2 Int+2}
rCold   + . .        J - +0 tower shield
rNeg    + . .        F - +2 plate armour {rF+}
rPois   ∞            f - +2 helmet
rElec   +            i - scarf {repulsion}
rCorr   +            h - +2 pair of gloves {Str+3}
SInv    .            (no boots)
Will    ++...        A - amulet of Plog {Spirit Dex+5} Stlth
                     H - ring "Vamyerum" {rCorr Dex+2}
HPRegen 0.39/turn    a - ring of willpower
MPRegen 0.15/turn

%: repel missiles, guardian spirit
@: confused, resistant, ambrosia-drunk, flying, invisible
A: sickness immunity, AC +12, big wings, negative energy resistance 1,
electricity resistance, torment resistance 1, petrification resistance, no
potion heal 1
a: Renounce Religion, Heroism, Finesse, Duel


You were on level 1 of the Elven Halls.
You worshipped Okawaru.
Okawaru was extremely pleased with you.
You visited 5 branches of the dungeon, and saw 20 of its levels.
You visited 1 bazaar.
You also visited: Ice Cave and Volcano.

You collected 2709 gold pieces.
You spent 368 gold pieces at shops.

Inventory:

Hand Weapons
 g - a +1 morningstar of electrocution
 x - the +2 whip of Misery (weapon) {vamp, rF+ Str+2 Int+2}
   (You found it on level 3 of the Lair of Beasts)

   Str+2:     It affects your strength (+2).
   Int+2:     It affects your intelligence (+2).
   rF+:       It protects you from fire.
Missiles
 o - a throwing net
 B - a curare-tipped dart
Armour
 f - a +2 helmet (worn)
 h - a +2 pair of gloves of strength (worn)
 i - a scarf of repulsion (worn)
 r - a +3 scale mail of cold resistance
 F - a +2 plate armour of fire resistance (worn)
 J - a +0 tower shield (worn)
Magical Staves
 c - a staff of earth
Jewellery
 a - a ring of willpower (right hand)
 z - a ring of protection from fire
 A - the amulet of Plog (around neck) {Spirit Dex+5}
   (You found it on level 10 of the Dungeon)

   [amulet of guardian spirit]

   Spirit:    It causes incoming damage to be divided between your reserves of
   health and magic.
   Dex+5:     It affects your dexterity (+5).
 H - the ring "Vamyerum" (left hand) {rCorr Dex+2}
   (You found it on level 4 of the Lair of Beasts)

   [ring of resist corrosion]

   Dex+2:     It affects your dexterity (+2).
   rCorr:     It protects you from acid and corrosion.
 I - a ring of ice
Wands
 b - a wand of quicksilver (4)
 C - a wand of roots (17)
 E - a wand of flame (16) (quivered)
Scrolls
 e - 10 scrolls of teleportation
 l - a scroll of fog
 n - 2 scrolls of poison
 u - a scroll of fear
 y - a scroll of blinking
 L - a scroll of enchant armour
Potions
 d - 2 potions of might
 j - 3 potions of cancellation
 k - a potion of curing
 m - 3 potions of brilliance
 p - a potion of magic
 q - a potion of invisibility
 s - 3 potions of haste
 t - 3 potions of enlightenment
 v - 5 potions of ambrosia
 w - 2 potions of heal wounds
 D - 2 potions of resistance
 G - 3 potions of mutation


   Skills:
 + Level 19.1 Fighting
 + Level 13.6 Maces & Flails
 + Level 15.0 Armour
 + Level 15.0 Shields


You had 15 spell levels left.
You didn't know any spells.
Your spell library contained the following spells:

 Spells                   Type           Power      Damage    Failure   Level
 Freeze                   Ice            0%         1d3       97%         1
 Slow                     Hex            0%         N/A       97%         1
 Sting                    Tmut/Pois      0%         1d3       97%         1
 Poisonous Vapours        Pois/Air       0%         N/A       99%         2
 Confusing Touch          Hex            0%         N/A       100%        3
 Frozen Ramparts          Ice            0%         1d1       100%        3
 Hailstorm                Conj/Ice       0%         3d3       100%        3
 Sigil of Binding         Hex            0%         N/A       100%        3
 Vampiric Draining        Necr           0%         2d6       100%        3
 Dimensional Bullseye     Hex/Tloc       0%         N/A       100%        4
 Iskenderun's Mystic Bla  Conj/Tloc      0%         2d3       100%        4
 Leda's Liquefaction      Hex/Erth       0%         N/A       100%        4
 Olgreb's Toxic Radiance  Pois           0%         N/A       100%        4
 Petrify                  Tmut/Erth      0%         N/A       100%        4
 Borgnjor's Vile Clutch   Necr/Erth      0%         N/A       100%        5
 Metabolic Englaciation   Hex/Ice        0%         N/A       100%        5
 Sublimation of Blood     Necr           Unusable   N/A       N/A         2
 Tukima's Dance           Hex            Unusable   N/A       N/A         3
 Summon Ice Beast         Ice/Summ       Unusable   N/A       N/A         4
 Death Channel            Necr           Unusable   N/A       N/A         6
 Simulacrum               Ice/Necr       Unusable   N/A       N/A         6

Dungeon Overview and Level Annotations

Branches:
Dungeon (11/15)            Temple (1/1) D:6            Lair (5/5) D:9
 Shoals (0/4) Lair:3       Spider (0/4) Lair:2        Slime (0/5) Lair:4
    Orc (2/2) D:9             Elf (1/3) Orc:2         IceCv (visited)
Volcano (visited)

Altars:
Ashenzari
Cheibriados
Dithmenos
Elyvilon
Fedhas
Gozag
Hepliaklqana
Kikubaaqudgha
Makhleb
Nemelex Xobeh
Okawaru
Qazlal
Ru
Sif Muna
Trog
Uskayaw
Vehumet
Wu Jian
Xom
Yredelemnul
Zin
The Shining One
Jiyva
Lugonu

Shops:
Orc:1 (   Orc:2 ((!=

Annotations:
Temple 2 transporters


Innate Abilities, Weirdness & Mutations

You are immune to sickness and miasma.
Your stone body is resilient. (AC +12)
You are immune to poison.
Your large and strong wings let you fly.
You resist negative energy. (rN+)
You are resistant to electric shocks. (rElec)
You are resistant to unholy torment.
You are immune to petrification.
Potions are less effective at restoring your health.


Message History

You can move again.
You fade into invisibility!
You block the air elemental's attack.
You block the +2 vampiric scimitar's attack.
The air elemental hits you but does no damage.
The deep elf archer mumbles some strange words.
The deep elf knight shoots an arrow.
The arrow barely misses the air elemental.
The arrow barely misses you. The +2 vampiric scimitar hits you.
* * * LOW HITPOINT WARNING * * *
Okay, then.
As you read the scroll of fear, it crumbles to dust.
You assume a fearsome visage.
The water elemental is unaffected.
The deep elf archer resists with almost no effort.
The +2 vampiric scimitar is unaffected.
The water elemental is unaffected.
The air elemental is unaffected. x2
The deep elf knight resists with almost no effort.
The air elemental fires a burst of electricity at you.
The stunning burst hits you. You resist.
* * * LOW HITPOINT WARNING * * *
The air elemental barely misses you.
The air elemental fires a burst of electricity at you.
The stunning burst hits the +2 vampiric scimitar but does no damage.
The stunning burst hits you but does no damage.
The deep elf knight shoots an arrow.
The arrow completely misses the air elemental.
The arrow barely misses you. Something hits you but does no damage.
The air elemental closely misses you.
You are confused.
Your system partially rejects the healing.
You feel invigorated.
The air elemental hits you but does no damage.
The +2 vampiric scimitar barely misses you.
The air elemental hits you but does no damage.
The +2 vampiric scimitar hits you but does no damage.
You hear some strange, mumbled words.
A lance of force appears from out of thin air!
The lance of force hits you!
* * * LOW HITPOINT WARNING * * *
You die...

#.....# #.)...#
##+##'#####/. #...E)E...'..
#....e.e..### +.E#####..#
### #Ee#####..'E$ ##.#
#e{E......#.. #..#
+E(@......# . #..#
#####'##### #..#
#8≈≈≈≈≈≈≈8# ##### #..#
#≈≈≈≈≈≈≈≈≈# ##...# #..#
#≈~~~~~~≈~# #....#
#..#####.........#####....#
#..............'.....'.....
#..............÷).)..'.....
#.......#......##)####....#


You could see a deep elf archer (repels missiles, unable to see you), a deep elf
knight (unable to see you), 2 water elementals, 2 air elementals and a +2
vampiric scimitar (unable to see you).

Vanquished Creatures
  An azure jelly (shapeshifter) (D:8)
  The ghost of Kocvedd the Severer, a journeyman DDFi of Makhleb (Lair:1)
  An orc warlord (Orc:1)
  Azrael (Elf:1)
  Snorg (Lair:5)
  A deep elf death mage (Elf:1)
  Josephine (Orc:1)
  2 fire dragons
  2 hydras (Lair:5)
  4 ogre magi (Orc:2)
  An ice dragon (IceCv)
  Erica (Orc:1)
  A catoblepas (Lair:5)
  3 two-headed ogres
  2 centaur warriors (D:9)
  A tengu warrior (D:8)
  18 death yaks
  2 boulder beetles (D:9)
  Urug (Orc:1)
  2 orc high priests (Elf:1)
  Amaemon (D:8)
  A deep elf knight (Elf:1)
  Nergalle (Orc:1)
  2 skysharks
  The ghost of DocEon the Thaumaturge, a novice DEFE of Vehumet (D:10)
  2 lindwurms
  4 deep elf zephyrmancers (Elf:1)
  4 orc knights
  A wolf spider (Lair:2)
  10 deep elf pyromancers (Elf:1)
  8 orc sorcerers
  2 cyclopes
  2 ugly things (D:7)
  22 elephants
  13 cane toads
  2 ice statues (IceCv)
  11 black mambas
  A black mamba (shapeshifter) (Elf:1)
  A gargoyle (Volcano)
  3 molten gargoyles
  An orange demon (D:8)
  A torpor snail (Lair:4)
  4 rime drakes
  2 kobold demonologists (D:9)
  An ancient zyme (D:7)
  9 komodo dragons
  6 trolls
  A queen bee (D:10)
  A tyrant leech (Lair:4)
  A polar bear (Lair:5)
  A hornet (D:10)
  27 blink frogs
  7 dream sheep (Lair:5)
  An air elemental (Elf:1)
  30 yaks
  5 wyverns
  Grum (D:8)
  4 wraiths
  4 fire bats (Volcano)
  8 basilisks
  A fire elemental (Elf:1)
  4 steam dragons
  Menkaure (D:7)
  3 wargs (Orc:1)
  4 swamp worms (Lair:4)
  19 water moccasins
  10 hell hounds
  24 orc warriors
  2 ice beasts
  A sky beast (D:8)
  A black bear (D:4)
  6 ogres
  21 wolves
  3 centaurs
  A phantom (D:6)
  6 kobold brigands
  13 bullfrogs
  An earth elemental (Elf:1)
  A gnoll sergeant (D:8)
  3 scorpions
  3 wights (D:8)
  2 lindwurm simulacra (IceCv)
  22 killer bees
  3 howler monkeys
  An electric eel (Lair:5)
  6 komodo dragon simulacra (IceCv)
  11 lava snakes
  3 small abominations (D:7)
  4 jellies (Lair:4)
  10 orc priests
  4 hounds
  Terence (D:3)
  26 orc wizards
  A sleepcap (D:6)
  2 iguanas
  9 hell rats
  Robin (D:2)
  12 gnolls
  10 acid dragon simulacra (IceCv)
  8 adders
  4 shadow imps (D:5)
  3 white imps
  3 steam dragon simulacra (IceCv)
  4 worms
  A dart slug (D:3)
  74 orcs
  12 bats
  10 endoplasms
  4 giant cockroaches
  14 goblins
  9 hobgoblins
  30 kobolds
  9 quokkas
  6 ball pythons
  4 frilled lizards
  10 rats
715 creatures vanquished.

Vanquished Creatures (others)
  2 deep elf knights (Elf:1)
  A rime drake (IceCv)
  2 orc wizards
5 creatures vanquished.

Grand Total: 720 creatures vanquished

Notes
Turn   | Place    | Note
-------+----------+-------------------------------------------
     0 | D:1      | Dittersdorf the Gargoyle Fighter began the quest for the
                  | Orb.
     0 | D:1      | Reached XP level 1. HP: 14/14 MP: 1/1
    65 | D:1      | Reached XP level 2. HP: 7/19 MP: 2/2
   130 | D:1      | Found a faded altar of an unknown god.
   408 | D:1      | Reached XP level 3. HP: 23/23 MP: 3/3
   816 | D:2      | Reached XP level 4. HP: 22/29 MP: 4/4
  1381 | D:2      | Reached skill level 4 in Fighting
  1652 | D:2      | Noticed Robin
  1688 | D:2      | Killed Robin
  1858 | D:3      | Reached XP level 5. HP: 29/33 MP: 5/5
  1924 | D:3      | Noticed Terence
  1938 | D:3      | Killed Terence
  2509 | D:4      | Noticed an ogre
  2520 | D:4      | Killed an ogre
  2521 | D:4      | Reached XP level 6. HP: 26/39 MP: 6/6
  2533 | D:4      | Found an ancient bone altar of Kikubaaqudgha.
  2632 | D:4      | Found a basalt altar of Yredelemnul.
  2714 | D:4      | Noticed a black bear
  2740 | D:4      | Killed a black bear
  2920 | D:4      | Reached skill level 5 in Armour
  2928 | D:4      | Reached skill level 5 in Fighting
  2955 | D:4      | Reached skill level 5 in Shields
  2959 | D:4      | Reached XP level 7. HP: 34/44 MP: 7/7
  3118 | D:4      | Found a shadowy altar of Dithmenos.
  3131 | D:4      | Found a burning altar of Makhleb.
  3132 | D:4      | Found a hide-covered altar of Uskayaw.
  3301 | D:5      | Entered Level 5 of the Dungeon
  3401 | D:5      | Found a transporter.
  3475 | D:5      | Found a transporter.
  4195 | D:6      | Reached XP level 8. HP: 47/51 MP: 8/8
  4306 | D:6      | Reached skill level 6 in Fighting
  4328 | D:6      | Reached skill level 5 in Maces & Flails
  4474 | D:6      | Found a staircase to the Ecumenical Temple.
  4497 | Temple   | Found a transporter.
  4497 | Temple   | Found a transporter.
  4497 | Temple   | Found a transporter.
  4497 | Temple   | Found a transporter.
  4497 | Temple   | Entered the Ecumenical Temple
  4512 | Temple   | Became a worshipper of Warmaster Okawaru
  4968 | D:6      | Reached * piety under Okawaru
  5292 | D:7      | Found a corrupted altar of Lugonu.
  5294 | D:7      | Noticed an ancient zyme
  5294 | D:7      | Noticed a green ugly thing
  5294 | D:7      | Noticed a cyan ugly thing
  5387 | D:7      | Found a transporter.
  5389 | D:7      | Found a transporter.
  5528 | D:7      | Reached XP level 9. HP: 48/56 MP: 9/9
  5566 | D:7      | Reached skill level 7 in Fighting
  5669 | D:7      | Found a sparkling altar of Nemelex Xobeh.
  5669 | D:7      | Found a blossoming altar of Fedhas.
  5681 | D:7      | Noticed Menkaure
  5689 | D:7      | Killed Menkaure
  5908 | D:8      | Reached skill level 14 in Fighting
  5908 | D:8      | Reached XP level 10. HP: 76/76 MP: 10/10
  6223 | D:7      | Reached ** piety under Okawaru
  6287 | D:8      | Noticed Grum
  6314 | D:8      | Killed Grum
  6950 | D:8      | You fall into a shaft and drop 3 floors!
  6953 | D:10     | Entered Level 10 of the Dungeon
  6954 | D:10     | Found a transporter.
  6954 | D:10     | Found a transporter.
  7004 | D:10     | Reached *** piety under Okawaru
  7105 | D:9      | Noticed a death yak
  7105 | D:9      | Noticed a death yak
  7105 | D:9      | Found a staircase to the Lair.
  7236 | D:9      | Noticed a two-headed ogre
  7236 | D:9      | Noticed a death yak
  7266 | D:10     | Killed a death yak
  7267 | D:10     | Reached XP level 11. HP: 49/80 MP: 8/11
  7273 | D:10     | Killed a death yak
  7273 | D:10     | Reached **** piety under Okawaru
  7377 | D:10     | Killed a two-headed ogre
  7483 | D:10     | Killed a death yak
  7611 | D:9      | Reached skill level 15 in Fighting
  7787 | D:8      | Noticed Amaemon
  7806 | D:8      | Killed Amaemon
  8274 | D:9      | Noticed a tengu warrior
  8325 | D:8      | Killed a tengu warrior
  8325 | D:8      | Reached ***** piety under Okawaru
  8664 | D:9      | Noticed a boulder beetle
  8675 | D:9      | Killed a boulder beetle
  8675 | D:9      | Received a gift from Okawaru
  8676 | D:9      | Noticed a cyclops
  8681 | D:9      | Killed a cyclops
  8717 | D:9      | Noticed a centaur warrior
  8758 | D:9      | Killed a centaur warrior
  8849 | D:9      | Noticed a shadow dragon
  8884 | D:9      | a shadow dragon changed into a fire giant
  8884 | D:9      | Noticed a fire giant (shapeshifter)
  8919 | D:8      | a fire giant changed into an azure jelly
  8919 | D:8      | Noticed an azure jelly (shapeshifter)
  8932 | D:8      | Killed an azure jelly
  8933 | D:8      | Reached XP level 12. HP: 15/88 MP: 9/12
  9219 | D:9      | Identified the +10 mace of Gonaef {venom, *Slow SInv
                  | Stlth+}
  9316 | D:9      | Found a snail-covered altar of Cheibriados.
  9413 | D:9      | Noticed a boulder beetle
  9434 | D:9      | Killed a boulder beetle
  9484 | D:9      | Noticed a two-headed ogre
  9494 | D:9      | Killed a two-headed ogre
  9536 | D:8      | Reached skill level 10 in Armour
  9536 | D:8      | Reached skill level 10 in Shields
  9686 | D:9      | Found a staircase to the Orcish Mines.
  9854 | D:9      | Identified the +1 whip of Dithmenos's Generosity {venom,
                  | rPois Dex+4}
  9996 | D:10     | Noticed DocEon's ghost (novice DEFE)
 10006 | D:10     | Found a stormy altar of Qazlal.
 10071 | D:10     | Noticed a two-headed ogre
 10081 | D:10     | Killed a two-headed ogre
 10081 | D:10     | Received a gift from Okawaru
 10147 | D:10     | Identified the amulet of Plog {Spirit Dex+5}
 10728 | D:7      | Reached skill level 16 in Fighting
 10766 | D:7      | Identified the ring of Immorality {Drain rPois Str+2 Int+6}
 10841 | D:9      | Noticed a centaur warrior
 10850 | D:9      | Killed a centaur warrior
 11064 | D:10     | Killed DocEon's ghost
 11212 | D:10     | Identified the staff of Causality {rN+ Int+2 Dex+2 Necro}
 11266 | Lair:1   | Entered Level 1 of the Lair of Beasts
 11266 | Lair:1   | Found a runed translucent gate.
 11267 | Lair:1   | Found a runed translucent gate.
 11268 | Lair:1   | Found a runed translucent gate.
 11295 | Lair:1   | Noticed Kocvedd's ghost (journeyman DDFi)
 11528 | Lair:1   | Reached XP level 13. HP: 57/94 MP: 7/13
 12033 | Lair:1   | Reached skill level 10 in Maces & Flails
 12517 | Lair:1   | Killed Kocvedd's ghost
 13066 | Lair:2   | Found a hole to the Spider Nest.
 13545 | Lair:2   | Received a gift from Okawaru
 13862 | Lair:1   | Reached skill level 17 in Fighting
 14335 | Lair:3   | Gained mutation: Your large and strong wings let you fly.
                  | [Gargoyle growth]
 14335 | Lair:3   | Reached XP level 14. HP: 100/102 MP: 12/14
 14427 | Lair:3   | Found a dark tunnel.
 14435 | Volcano  | Entered a volcano
 14718 | Volcano  | Found a bloodstained altar of Trog.
 14826 | Volcano  | Received a gift from Okawaru
 14982 | Lair:3   | Reached ****** piety under Okawaru
 15066 | Lair:3   | Found a staircase to the Shoals.
 15220 | Lair:3   | Identified the +2 whip of Misery {vamp, rF+ Str+2 Int+2}
 15472 | Lair:4   | Found a runed translucent door.
 15472 | Lair:4   | Found a viscous altar of Jiyva.
 15491 | Lair:4   | Found a staircase to the Slime Pits.
 16739 | Lair:4   | Received a gift from Okawaru
 17247 | Lair:4   | Found the +27 heavy crossbow "Sniper" {heavy, Acc+∞ SInv}
 17265 | Lair:4   | Got a torn book
 17267 | Lair:4   | Identified the ring "Vamyerum" {rCorr Dex+2}
 17386 | Lair:5   | Entered Level 5 of the Lair of Beasts
 17389 | Lair:5   | Noticed Snorg
 17459 | Lair:5   | Killed Snorg
 17551 | Lair:5   | Received a gift from Okawaru
 17587 | Lair:5   | Found a frozen archway.
 17780 | IceCv    | Entered an ice cave
 18469 | IceCv    | Reached skill level 18 in Fighting
 18476 | IceCv    | Reached XP level 15. HP: 108/108 MP: 15/15
 19526 | Lair:5   | Received a gift from Okawaru
 19792 | Lair:5   | Identified the +7 spear of Cuarig {flame, Fragile rF+ rC+}
 20041 | Lair:5   | Found a large runed translucent door.
 20042 | Lair:5   | Found a large runed translucent door.
 21114 | Orc:1    | Entered Level 1 of the Orcish Mines
 21123 | Orc:1    | Noticed Urug
 21129 | Orc:1    | Noticed Erica
 21135 | Orc:1    | Received a gift from Okawaru
 21157 | Orc:1    | Killed Urug
 21164 | Orc:1    | Killed Erica
 21545 | Orc:1    | Gained mutation: Potions are less effective at restoring
                  | your health. [a neqoxec]
 21872 | Orc:1    | Noticed Josephine
 21886 | Orc:1    | Killed Josephine
 22081 | Orc:2    | Entered Level 2 of the Orcish Mines
 22219 | Orc:1    | Found Dicer's Weapon Emporium.
 22295 | Orc:2    | Found a staircase to the Elven Halls.
 22406 | Orc:2    | Noticed an orc warlord
 22475 | Orc:1    | Killed an orc warlord
 23072 | Orc:2    | Paralysed by an orc sorcerer for 4 turns
 23106 | Orc:2    | Found Pumeimpaeg's Jewellery Boutique.
 23137 | Orc:2    | Found a radiant altar of Vehumet.
 23248 | Orc:2    | Noticed Nergalle
 23249 | Orc:2    | Found an ancient bone altar of Kikubaaqudgha.
 23328 | Orc:1    | Killed Nergalle
 23328 | Orc:1    | Received a gift from Okawaru
 23504 | Orc:2    | Found Jaeniw's Antique Weapon Shop.
 23659 | Orc:2    | Found Merino's Antique Weapon Boutique.
 23714 | Orc:2    | Found Wakh's Distillery.
 23822 | Orc:2    | Found a gateway to a bazaar.
 23831 | Bazaar   | Entered a bazaar
 23865 | Bazaar   | Found Foda's Distillery.
 23870 | Bazaar   | Bought a potion of heal wounds for 80 gold pieces
 23870 | Bazaar   | Bought a potion of heal wounds for 80 gold pieces
 23870 | Bazaar   | Bought a potion of heal wounds for 80 gold pieces
 23870 | Bazaar   | Bought a potion of mutation for 128 gold pieces
 23881 | Bazaar   | Found Vepom's General Store.
 23895 | Bazaar   | Found Cacoh's Jewellery Shoppe.
 23954 | Elf:1    | Entered Level 1 of the Elven Halls
 24014 | Elf:1    | Reached XP level 16. HP: 116/116 MP: 16/16
 24233 | Elf:1    | Noticed Azrael
 24293 | Elf:1    | Killed Azrael
 24382 | Elf:1    | Paralysed by an air elemental for 1 turns
 24387 | Elf:1    | Paralysed by an air elemental for 1 turns
 24390 | Elf:1    | Paralysed by an air elemental for 1 turns
 24773 | Elf:1    | Reached skill level 19 in Fighting
 24887 | Elf:1    | Reached skill level 15 in Shields
 25124 | Elf:1    | Reached skill level 15 in Armour
 25254 | Elf:1    | Paralysed by an air elemental for 1 turns
 25258 | Elf:1    | Paralysed by an air elemental for 1 turns
 25262 | Elf:1    | Paralysed by an air elemental for 1 turns
 25265 | Elf:1    | HP: 2/116 [something/lance of force (10)]
 25265 | Elf:1    | Collided with a stone wall

Illustrated notes

Levels and vault maps discovered:
D:1:      lemuel_arrival_rhombus, layout_basic,
          chequers_ecumenical_altar_simple_redux
D:2:      minmay_inner_zag, layout_loops_corners, st_stairs_9, uniq_robin
D:3:      layout_rooms, minmay_between, uniq_terence
D:4:      layout_loops_ring, marbit_many_paths,
          nicolae_kikubaaqudgha_miasma_corner, grunt_temple_overflow_open,
          grunt_dithmenos_smoke
D:5:      gammafunk_wand_slinger, layout_basic, roderic_batcave
D:6:      layout_loops_cross, minmay_temple_entry_proselytizer
D:7:      gammafunk_corrupted_shrine, layout_gridville,
          gammafunk_temple_overflow_statue, uniq_menkaure
D:8:      layout_basic, uniq_amaemon, uniq_grum
D:9:      minmay_the_grid_net [minmay_the_grid_holed_spiral,
          minmay_the_grid_odd_star, minmay_the_grid_armoury,
          minmay_the_grid_garden, minmay_the_grid_plusring,
          minmay_the_grid_prize_trominoes], layout_irregular_city,
          kennysheep_mini_moat, dpeg_lair_monsters, david_orc_2
D:10:     layout_loops_ring, grunt_qazlal_clouds, gammafunk_ghost_hive
D:11:     minmay_octagon_keep, layout_basic
Temple:   hellmonk_temple_divided_pantheon
Lair:1:   layout_big_grid, ebering_ghost_rock_garden, grunt_megastairs_3
Lair:2:   layout_chaotic_city, spider_nest_entry_rubble,
          chequers_serial_rivers_room_b, grunt_megastairs_4,
          infiniplex_staircase_pool_2
Lair:3:   layout_chaotic_city, elwin_shoals_entry_rocks,
          lightli_volcano_entry_magma_tube
Lair:4:   layout_loops_ring, slime_entry_2, worms_lemuel
Lair:5:   cheibrodos_lair_end_hotspot, layout_misc_corridors,
          portal_ice_cave_entry_pillars_2, st_stairs_9, minivault_25,
          serial_bayou_shore_a, uniq_snorg
Orc:1:    layout_caves, serial_shops, nicolae_lakefront_shop, uniq_josephine,
          uniq_urug, uniq_erica
Orc:2:    kennysheep_orc_mage_school, layout_caves, basic_altar, serial_shops,
          bzr_firewalk
Elf:1:    cheibrodos_salmonella, layout_gridlike, evilmike_minifort,
          grunt_megastairs_5, uniq_azrael

Skill      XL: |  1  2  3  4  5  6  7  8  9 10 11 12 13 14 15 16 |
---------------+-------------------------------------------------+-----
Fighting       | 4 5 6 14 15 16 17 18 19 | 19.1
Armour         | 4 5 6 7 8 9 10 12 13 14 15 | 15.0
Shields        | 4 5 6 7 8 9 10 12 13 14 15 | 15.0
Maces & Flails | 3 4 5 6 8 9 11 12 13 | 13.6

Action                     |  1- 3 |  4- 6 |  7- 9 | 10-12 | 13-15 | 16-18 || total
---------------------------+-------+-------+-------+-------+-------+-------++-------
  Melee: Flail             |   130 |   237 |   387 |   143 |       |       ||   897
         Morningstar       |       |       |       |   348 |       |       ||   348
         Mace              |       |       |       |   222 |   427 |       ||   649
         Whip              |       |       |       |       |  2987 |   530 ||  3517
  Throw: Dart              |       |       |     2 |    14 |    27 |     9 ||    52
 Invoke: Heroism           |       |       |       |    15 |    20 |     6 ||    41
  Evoke: Wand              |       |       |       |       |       |     5 ||     5
    Use: Scroll            |       |       |     5 |    16 |    10 |     2 ||    33
         Potion            |       |       |     1 |       |       |     7 ||     8
 Armour: Scale mail        |    86 |   185 |   319 |   814 |   477 |       ||  1881
         Plate armour      |       |       |       |       |  1956 |   397 ||  2353
  Dodge: Dodged            |    65 |   105 |   225 |   407 |   673 |    70 ||  1545
         Repelled          |       |       |       |       |    17 |     9 ||    26
  Block: Buckler           |    32 |    46 |   108 |   178 |       |       ||   364
         Kite shield       |       |       |       |   184 |       |       ||   184
         Tower shield      |       |       |       |    52 |  3063 |   294 ||  3409

Table legend: (Time is in decaauts)
 A = Elapsed time spent in this place.
 B = Non-inter-level travel time spent in this place.
 C = Inter-level travel time spent in this place.
 D = Time resting spent in this place.
 E = Time spent auto-exploring this place.
 F = Levels seen in this place.
 G = Mean time per level.
                   A        B        C        D        E       F      G
               +--------+--------+--------+--------+--------+-----+--------+
         Total |  24241 |  22844 |   1397 |   4823 |  10257 |  23 | 1054.0 |
       Dungeon |  11735 |  10861 |    874 |   2293 |   5621 |  11 | 1066.8 |
        Temple |     30 |      4 |     26 |      0 |      0 |   1 |   30.0 |
          Lair |   7406 |   7123 |    283 |   1192 |   3444 |   5 | 1481.2 |
  Orcish Mines |   2254 |   2042 |    212 |    319 |    685 |   2 | 1127.0 |
   Elven Halls |   1088 |   1088 |      0 |    224 |    147 |   1 | 1088.0 |
        Bazaar |     86 |     86 |      0 |      0 |     78 |   1 |   86.0 |
      Ice Cave |   1199 |   1199 |      0 |    784 |     45 |   1 | 1199.0 |
       Volcano |    439 |    439 |      0 |     11 |    236 |   1 |  439.0 |
               +--------+--------+--------+--------+--------+-----+--------+

Top non-repeatable levels by time:
     D:8: 2127 daAuts
  Lair:5: 1888 daAuts
  Lair:1: 1858 daAuts
     D:9: 1507 daAuts
    D:10: 1383 daAuts
  Lair:4: 1361 daAuts
     D:7: 1237 daAuts
   Orc:1: 1210 daAuts
  Lair:2: 1207 daAuts
   IceCv: 1199 daAuts
     D:2: 1141 daAuts
  Lair:3: 1091 daAuts
   Elf:1: 1088 daAuts
     D:6: 1082 daAuts
   Orc:2: 1043 daAuts
